 Dungeon Crawl Stone Soup version 0.27.0-1-g7a089689b8 (webtiles) character file.

Game seed: 11521364633095287685

209 wakim the Chiller (level 5, -4/38 HPs)
             Began as a Draconian Ice Elementalist on Aug 1, 2021.
             Was an Initiate of Vehumet.
             Slain by Pikel (6 damage)
             ... on level 4 of the Dungeon.
             The game lasted 00:08:25 (4252 turns).

wakim the Chiller (Draconian Ice Elementalist)      Turns: 4252, Time: 00:08:26

Health: -4/38      AC:  8    Str: 10    XL:     5   Next: 55%
Magic:  3/9        EV: 12    Int: 16    God:    Vehumet [......]
Gold:   73         SH:  0    Dex: 12    Spells: 3/10 levels left

rFire    . . .     SeeInvis .   a - +3 dagger (elec)
rCold    . . .     Faith    .   (no shield)
rNeg     + . .     Spirit   .   (armour unavailable)
rPois    .         Reflect  .   (helmet restricted)
rElec    .         Harm     .   (no cloak)
rCorr    .         Rampage  .   g - +0 pair of gloves
Will     .....                  j - +1 pair of boots
Stlth    ++........             (no amulet)
HPRegen  0.12/turn              i - ring of positive energy
MPRegen  0.11/turn              (no ring)

@: no status effects
A: AC +5, unfitting armour, cold-blooded
a: Renounce Religion


You were on level 4 of the Dungeon.
You worshipped Vehumet.
Vehumet was noncommittal.
You visited 1 branch of the dungeon, and saw 4 of its levels.

You collected 73 gold pieces.

Inventory:

Hand Weapons
 a - a +3 dagger of electrocution (weapon)
 b - a +1 dagger of flaming
Armour
 c - a +0 buckler
 g - a +0 pair of gloves (worn)
 j - a +1 pair of boots (worn)
Jewellery
 i - a ring of positive energy (left hand)
Scrolls
 h - a scroll of fog {unknown}
 l - a scroll of vulnerability {unknown}
 R - a scroll of magic mapping {!r}
Potions
 d - a potion of berserk rage {unknown}
 f - a potion of might {unknown}
 k - a potion of lignification {unknown}
 E - a potion of cancellation
 F - a potion of curing


   Skills:
 - Level 1.7 Dodging
 - Level 1.7 Stealth
 * Level 2.1 Shields
 + Level 3.2 Spellcasting
 * Level 5.7 Ice Magic


You had 3 spell levels left.
You knew the following spells:

 Your Spells              Type           Power      Damage    Failure   Level
a - Freeze                Ice            84%        1d10      1%          1
b - Frozen Ramparts       Ice            42%        1d6       5%          3
c - Ozocubu's Armour      Ice            21%        N/A       5%          3

Your spell library contained the following spells:

 Spells                   Type           Power      Damage    Failure   Level
 Foxfire                  Conj/Fire      8%         2x1d4     19%         1
 Conjure Flame            Conj/Fire      2%         6-21      50%         3
 Inner Flame              Hex/Fire       2%         N/A       50%         3
 Hailstorm                Conj/Ice       11%        3d5       50%         4


Dungeon Overview and Level Annotations

Branches:
Dungeon (4/15)
 Temple: D:4-7

Altars:
Nemelex Xobeh
Vehumet
The Shining One

Annotations:
D:3 2 transporters, unihiutale's ghost, amateur HuAM
D:4 Pikel


Innate Abilities, Weirdness & Mutations

Your plain brown scales are hard. (AC +5)
You cannot fit into any form of body armour.
You are cold-blooded and may be slowed by cold attacks.


Message History

The wall freezes the gnoll shaman.
You kill the gnoll shaman!
Vehumet accepts your kill.
The phantom completely resists.
The wall freezes the phantom but does no damage.
Your Shields skill increases to level 2!
You hit the lemure but do no damage.
Your tail-slap misses the lemure.
The lemure is moderately wounded.
The wall freezes the lemure.
The lemure hits you.
* * * LOW HITPOINT WARNING * * *
The phantom completely resists.
The wall freezes the phantom but does no damage.
The phantom misses you.
You hit the phantom.
The phantom is moderately damaged.
The wall freezes the lemure.
The lemure closely misses you.
The wall freezes Pikel.
The phantom resists.
The wall freezes the phantom.
The phantom closely misses you.
You closely miss the phantom.
The phantom is moderately damaged.
The wall freezes Pikel.
The wall freezes the lemure!
The lemure hits you but does no damage.
The phantom completely resists.
The wall freezes the phantom but does no damage.
The phantom closely misses you.
You hit the phantom.
The phantom is moderately damaged.
The wall freezes the lemure. x2; The lemure hits you.
* * * LOW HITPOINT WARNING * * *
The wall freezes Pikel.
The phantom resists.
The wall freezes the phantom.
The phantom hits you!
* * * LOW HITPOINT WARNING * * *
The phantom blinks!
You blink.
The frozen ramparts melt away as you move.
Pikel says, "I'm sure they'll be treated well, anyway."
The phantom closely misses you. The phantom hits you.
* * * LOW HITPOINT WARNING * * *
There is an open door here.
Pikel hits you with a +0 whip of flaming.
You die...

##
###################.
#.K@................
#W#################.
#.# ####. ##'####
#.... #.5...# #....
#.....# #...#
#.....###### #...
##.###55ยง..# #...
#)###5###'## #...


You could see Pikel and a phantom.

Vanquished Creatures
  A scorpion (D:4)
  A gnoll shaman (D:4)
  3 gnolls (D:4)
  An adder skeleton (D:4)
  A worm (D:1)
  5 dart slugs
  8 endoplasms
  2 giant cockroaches
  8 hobgoblins
  9 jackals
  3 quokkas
  7 ball pythons
  6 bats
  4 frilled lizards
  5 goblins
  2 kobolds
  5 rats
71 creatures vanquished.

Vanquished Creatures (others)
  A plant (D:4)
1 creature vanquished.

Grand Total: 72 creatures vanquished

Notes
Turn   | Place    | Note
-------+----------+-------------------------------------------
     0 | D:1      | wakim the Draconian Ice Elementalist began the quest for
                  | the Orb.
     0 | D:1      | Reached XP level 1. HP: 14/14 MP: 3/3
   343 | D:1      | Reached XP level 2. HP: 17/18 MP: 0/5
   700 | D:1      | Reached XP level 3. HP: 23/26 MP: 6/6
  1345 | D:1      | Learned a level 3 spell: Frozen Ramparts
  1349 | D:1      | Learned a level 3 spell: Ozocubu's Armour
  1538 | D:2      | Found a faded altar of an unknown god.
  1548 | D:2      | Reached skill level 5 in Ice Magic
  2149 | D:2      | Reached XP level 4. HP: 33/33 MP: 8/8
  3207 | D:3      | Noticed unihiutale's ghost (amateur HuAM)
  3245 | D:3      | Found a transporter.
  3259 | D:3      | Found a transporter.
  3371 | D:3      | Found a glowing golden altar of the Shining One.
  3793 | D:3      | Found a radiant altar of Vehumet.
  3793 | D:3      | Found a sparkling altar of Nemelex Xobeh.
  3797 | D:3      | Became a worshipper of Vehumet
  3997 | D:4      | Noticed a scorpion
  4036 | D:4      | Killed a scorpion
  4037 | D:4      | Reached skill level 1 in Shields
  4037 | D:4      | Reached XP level 5. HP: 38/38 MP: 3/9
  4195 | D:4      | Noticed a phantom
  4221 | D:4      | Noticed a phantom
  4224 | D:4      | Noticed a lemure
  4225 | D:4      | Noticed a lemure
  4226 | D:4      | Noticed a lemure
  4227 | D:4      | Noticed Pikel
  4227 | D:4      | Noticed a lemure
  4247 | D:4      | HP: 1/38 [phantom (5)]
  4252 | D:4      | Slain by Pikel

Illustrated notes

Levels and vault maps discovered:
D:1:      ncdulo_halloftheorcs, layout_loops_ring, fountainhead,
          minmay_misc_feat_alley, minmay_strange_pillars, minmay_pentomino_q4
D:2:      layout_basic, shapermc_ecumenical_altar_venn, glass_columns_a
D:3:      layout_basic, mainiacjoe_overflow_six_doors_small,
          gammafunk_temple_overflow_elements, gammafunk_ghost_arena,
          minivault_26, st_stairs_2
D:4:      cheibrodos_old_hovel, layout_basic, gup_sewer_entry_spiral, uniq_pikel

Skill      XL: |  1  2  3  4  5 |
---------------+----------------+-----
Ice Magic      | 5 |  5.7
Shields        | 1 2 |  2.1
Spellcasting   | 3 |  3.2
Dodging        | |  1.7
Stealth        | |  1.7

Action                   |  1- 3 |  4- 6 || total
-------------------------+-------+-------++-------
Melee: Unarmed           |     5 |       ||     5
       Dagger            |    88 |    57 ||   145
       Tailslap          |     3 |     6 ||     9
 Cast: Freeze            |    11 |       ||    11
       Frozen Ramparts   |     7 |     6 ||    13
       Ozocubu's Armour  |       |     1 ||     1
  Use: Scroll            |     4 |     3 ||     7
       Potion            |       |     1 ||     1
 Stab: Sleeping          |     1 |     1 ||     2
Armor: Skin              |    41 |    15 ||    56
Dodge: Dodged            |    80 |    33 ||   113
